 Dungeon Crawl Stone Soup version 0.31-a0-1009-g454b1f1e0a (webtiles) character file.

Game seed: 8674126179479869086

145 Dirtsage the Trooper (level 5, 42/42 HPs)
             Began as a Demonspawn Berserker on Nov 13, 2023.
             Was a Believer of Trog.
             Quit the game on level 3 of the Dungeon.
             The game lasted 00:03:16 (2142 turns).

Dirtsage the Trooper (Demonspawn Berserker)         Turns: 2142, Time: 00:03:16

Health: 42/42      AC:  6    Str: 19    XL:     5   Next: 6%
Magic:  5/5        EV: 11    Int:  8    God:    Trog [**....]
Gold:   103        SH:  5    Dex: 13    Spells: 4/4 levels left

rFire   . .          .
                       - Unarmed
rCold   . . .        (no shield)
rNeg    . . .        d - +0 ring mail
rPois   .            (no helmet)
rElec   .            f - +0 cloak
rCorr   .            (no gloves)
SInv    .            (no boots)
Will    .....        k - amulet of reflection
Stlth   +            (no ring)
HPRegen 0.27/turn    (no ring)
MPRegen 0.09/turn

%: reflection
@: no status effects
A: claws 1, ignite blood 1, spiny 1
a: Renounce Religion, Berserk, Trog's Hand


You were on level 3 of the Dungeon.
You worshipped Trog.
Trog was pleased with you.
You visited 1 branch of the dungeon, and saw 3 of its levels.

You collected 103 gold pieces.

Inventory:

Armour
 b - a +0 animal skin
 d - a +0 ring mail (worn)
 f - a +0 cloak (worn)
Jewellery
 k - an amulet of reflection (around neck)
Scrolls
 a - a scroll of fog {unknown}
 c - a scroll of enchant weapon {unknown}
 e - a scroll of immolation {unknown}
 g - a scroll of brand weapon {unknown}
 h - 2 scrolls of identify {unknown}
 i - 2 scrolls of teleportation {unknown}
 l - a scroll of summoning {unknown}
Potions
 j - a potion of curing {unknown}
 m - a potion of mutation {unknown}


   Skills:
 + Level 3.9 Fighting
 - Level 3.3 Axes
 - Level 1.7 Armour
 - Level 1.7 Dodging
 * Level 3.0 Unarmed Combat


You had 4 spell levels left.
You didn't know any spells.
Your spell library was empty.

Dungeon Overview and Level Annotations

Branches:
Dungeon (3/15)

Altars:

Shops:
D:1 (


Innate Abilities, Weirdness & Mutations

You have sharp fingernails.
Your demonic aura sometimes causes spilled blood to erupt in flames.
You are partially covered in sharp spines.


Message History

You scratch the dart slug.
You kill the dart slug!
Trog accepts your kill.
Your Unarmed Combat skill increases to level 3!
No target in view!
HP restored.
There is a stone staircase leading down here.
m - a gluggy clear potion Health restored: 37 You open the door.
A rat comes into view.
A rat is nearby!
A bat comes into view.
The bat hits you but does no damage.
There is an open door here.
You scratch the bat.
You kill the bat!
Trog accepts your kill.
You scratch the rat.
You kill the rat!
Trog accepts your kill.
No target in view!
No target in view!
You see here a rat corpse.
You see here a rat corpse.
You see here a bat corpse.
An adder comes into view.
The adder hisses angrily.
You closely miss the adder. The adder misses you.
You scratch the adder.
The adder is moderately wounded.
The adder is struck by your spines. The adder bites you but does no damage.
You scratch the adder. You claw the adder.
You kill the adder!
Trog accepts your kill.
You have reached level 5!
Your demonic ancestry asserts itself...
Your blood heats up.
Health restored: 42; MP restored: 5 Are you sure you want to abandon this character and quit the game? (Confirm with "yes".)

...............# #........
...............# #........
............#### #........
.....(.........####........
...........###....'†.......
...........########†.......
.############....##........
........ ..................
.############...@#.########
.........##........#
..######.##.#....###
#......#.## #....#
##..##.#.. #....#
.........# #....#
#######..# #....#
......#..####....#
#####.#....## .#


There were no monsters in sight!

Vanquished Creatures
  Crazy Yiuf (D:2)
  4 gnolls
  3 adders
  3 dart slugs
  4 endoplasms
  2 giant cockroaches
  7 goblins
  8 hobgoblins
  2 jackals (D:1)
  A kobold (D:2)
  A quokka (D:2)
  3 ball pythons
  2 bats
  A frilled lizard (D:2)
  5 rats
47 creatures vanquished.

Notes
Turn   | Place    | Note
-------+----------+-------------------------------------------
     0 | D:1      | Dirtsage the Demonspawn Berserker began the quest for the
                  | Orb.
     0 | D:1      | Reached XP level 1. HP: 18/18 MP: 1/1
    67 | D:1      | Found a faded altar of an unknown god.
    91 | D:1      | Gained mutation: You have sharp fingernails. [demonic
                  | ancestry]
    91 | D:1      | Reached XP level 2. HP: 10/24 MP: 2/2
   174 | D:1      | Found Ziebrap's Weapon Shop.
   574 | D:1      | Reached skill level 1 in Unarmed Combat
   768 | D:2      | Gained mutation: You are partially covered in sharp spines.
                  | [demonic ancestry]
   768 | D:2      | Reached XP level 3. HP: 29/29 MP: 3/3
   989 | D:2      | Reached XP level 4. HP: 35/35 MP: 4/4
  1119 | D:2      | Found a runed translucent door.
  1120 | D:2      | Noticed Crazy Yiuf
  1157 | D:2      | Killed Crazy Yiuf
  1652 | D:2      | Reached ** piety under Trog
  2142 | D:3      | Gained mutation: Your demonic aura sometimes causes spilled
                  | blood to erupt in flames. [demonic ancestry]
  2142 | D:3      | Reached XP level 5. HP: 42/42 MP: 5/5
  2142 | D:3      | Quit the game

Illustrated notes

Levels and vault maps discovered:
D:1:      orjb1_clovarrival, layout_basic,
          hellmonk_ecumenical_altar_arch_garden, serial_shops, shop_statue,
          eino_curves_02
D:2:      layout_basic, uniq_crazy_yiuf_cottage
D:3:      layout_basic, uniq_terence

Skill      XL: |  1  2  3  4 |
---------------+-------------+-----
Axes           | 3 |  3.3
Unarmed Combat | 1 2 3 |  3.0
Fighting       | |  3.9
Armour         | |  1.7
Dodging        | |  1.7

Action                     |  1- 3 |  4- 6 || total
---------------------------+-------+-------++-------
  Melee: Hand axe          |    29 |       ||    29
         Unarmed           |    22 |    44 ||    66
         Punch             |     1 |     1 ||     2
 Invoke: Berserk           |     2 |     1 ||     3
 Armour: Animal skin       |    31 |       ||    31
         Ring mail         |    11 |    21 ||    32
  Dodge: Dodged            |    45 |    14 ||    59
  Block: Other             |       |     2 ||     2

Table legend: (Time is in decaauts)
 A = Elapsed time spent in this place.
 B = Non-inter-level travel time spent in this place.
 C = Inter-level travel time spent in this place.
 D = Time resting spent in this place.
 E = Time spent auto-exploring this place.
 F = Levels seen in this place.
 G = Mean time per level.
                   A        B        C        D        E       F      G
               +--------+--------+--------+--------+--------+-----+--------+
         Total |   2176 |   2088 |     88 |    223 |   1613 |   3 |  725.3 |
       Dungeon |   2176 |   2088 |     88 |    223 |   1613 |   3 |  725.3 |
               +--------+--------+--------+--------+--------+-----+--------+

Top non-repeatable levels by time:
     D:2: 1020 daAuts
     D:1: 940 daAuts
     D:3: 215 daAuts
